Map: Polka LE

Players

Kichoulevrai

  • Race: Protoss Protoss
  • Spawn Location: 11:00

Merely

  • Race: Protoss Protoss
  • League: Diamond
  • Spawn Location: 11:00

Massa

  • Race: Terran Terran
  • Spawn Location: 5:00

qqq

  • Race: Zerg Zerg
  • Spawn Location: 5:00

VOD

Have the link to the VOD?

Description

Time

  • Played on: Oct. 1, 2020, 3:48 p.m.
  • Length: 15:07
Show
View Real Time Build Order
Export as new Build Order

Kichoulevrai Protoss 

Build Orders:  

Get SALT Encoding   

  12  0:00  Probe  
  13  0:12  Probe  
  14  0:19  Pylon  
  14  0:25  Probe  
  15  0:37  Probe  
  15  0:39  Gateway  
  16  0:44  Assimilator  
  17  0:50  Probe  
  17  0:56  Assimilator  
  17  1:02  Probe  
  18  1:14  Probe  
  19  1:25  Pylon  
  19  1:28  Cybernetics Core  
  19  1:29  Probe  
  20  1:41  Probe  
  21  1:53  Probe, Pylon  
  22  1:59  Warp Gate (Chrono Boost)  
  22  2:05  Probe  
  22  2:07  Twilight Council, Zealot  
  25  2:14  Gateway  
  25  2:17  Probe  
  26  2:31  Pylon  
  26  2:33  Gateway  
  26  2:38  Charge (Chrono Boost)  
  26  2:50  Gateway  
  26  2:57  Pylon  
  26  3:07  Pylon  
  26  3:40  Zealot  
  26  3:41  Zealot x2  
  30  3:59  Zealot  
  32  4:03  Zealot  
  32  4:04  Zealot x2  
  33  4:40  Stalker x2  
  33  4:41  Stalker x2  
  32  4:50  Probe (Chrono Boost)  
  29  5:00  Probe (Chrono Boost)  
  29  5:05  Probe (Chrono Boost)  
  29  5:17  Probe  
  24  5:29  Probe (Chrono Boost)  
  17  5:41  Probe (Chrono Boost)  
  18  5:46  Probe (Chrono Boost)  
  19  5:55  Probe  
  20  5:57  Stalker  
  11  10:51  Probe  
  10  11:03  Probe  
  3  11:54  Probe  
  4  12:07  Probe  
  4  12:37  Probe  
  5  12:49  Probe  
  6  13:02  Probe  
  7  13:14  Probe  
  8  13:26  Probe  
  9  13:32  Zealot  
  11  13:38  Probe  
  12  13:50  Probe  
  13  14:02  Probe  
  14  14:04  Stalker  
  16  14:14  Probe  
  17  14:26  Probe  
  17  14:29  Zealot  
  20  14:38  Probe  
  21  14:50  Probe, Stalker  
Show
View Real Time Build Order
Export as new Build Order

Merely Protoss 

Build Orders:  

Get SALT Encoding   

  12  0:00  Probe  
  13  0:16  Pylon  
  13  0:18  Probe (Chrono Boost)  
  14  0:30  Probe (Chrono Boost)  
  15  0:37  Gateway  
  15  0:39  Probe (Chrono Boost)  
  17  0:50  Probe  
  17  0:51  Assimilator  
  17  1:02  Probe  
  18  1:09  Assimilator  
  18  1:14  Probe (Chrono Boost)  
  19  1:26  Probe (Chrono Boost)  
  19  1:30  Cybernetics Core  
  20  1:35  Probe (Chrono Boost)  
  21  1:40  Probe  
  22  1:52  Probe  
  22  2:06  Pylon  
  22  2:07  Pylon  
  22  2:12  Gateway x2  
  22  2:18  Warp Gate (Chrono Boost)  
  22  2:21  Robotics Facility  
  22  2:28  Pylon  
  24  2:30  Sentry  
  24  2:34  Probe  
  25  2:56  Stalker  
  27  3:03  Stalker x2  
  31  3:15  Immortal  
  35  3:20  Probe  
  35  3:22  Pylon  
  36  3:54  Warp Prism  
  38  3:56  Stalker x2  
  38  4:00  Stalker  
  44  4:24  Stalker  
  46  4:37  Pylon  
  46  4:41  Stalker x2  
  47  5:07  Zealot x3  
  53  5:46  Zealot x3  
  53  6:28  Zealot  
  53  6:29  Zealot x2  
  53  6:31  Observer  
  52  7:09  Stalker  
  52  7:10  Stalker  
  52  7:11  Stalker  
  44  8:25  Stalker x3  
  50  8:27  Probe  
  49  8:39  Probe  
  46  9:12  Probe  
  47  9:24  Probe  
  48  9:36  Probe (Chrono Boost)  
  48  9:45  Probe (Chrono Boost)  
  48  9:50  Probe (Chrono Boost)  
  49  10:03  Probe (Chrono Boost)  
  49  10:34  Probe (Chrono Boost)  
  51  10:43  Probe (Chrono Boost)  
  51  10:48  Probe (Chrono Boost)  
  52  11:00  Probe (Chrono Boost)  
  53  11:08  Probe (Chrono Boost)  
  53  11:09  Observer  
  53  11:11  Stalker x3  
  59  11:14  Probe  
  52  11:26  Probe  
  53  11:37  Stalker  
  53  11:38  Stalker x2  
  44  11:55  Probe (Chrono Boost)  
  42  12:04  Probe (Chrono Boost)  
  42  12:09  Probe (Chrono Boost)  
  43  12:21  Probe  
  44  12:34  Probe  
  45  12:46  Probe  
  46  12:58  Probe  
  47  13:09  Sentry x3  
  53  13:33  Stalker  
  55  13:34  Stalker  
  57  14:04  Probe (Chrono Boost)  
  58  14:14  Probe (Chrono Boost)  
  59  14:19  Probe (Chrono Boost)  
  60  14:31  Probe  
Show
View Real Time Build Order
Export as new Build Order

Massa Terran 

Build Orders: 2 Factory, Mech 

Get SALT Encoding   

  12  0:00  SCV  
  13  0:12  SCV  
  14  0:17  Supply Depot  
  14  0:24  SCV  
  15  0:39  SCV, Barracks  
  16  0:49  Refinery  
  16  0:51  SCV  
  17  1:00  Refinery  
  17  1:03  SCV  
  18  1:15  SCV  
  19  1:27  SCV  
  21  1:42  Orbital Command  
  21  1:45  Reaper  
  21  1:54  Factory  
  21  2:09  Command Center  
  21  2:12  SCV  
  22  2:24  SCV  
  23  2:39  Supply Depot  
  23  2:42  Supply Depot  
  23  2:55  Factory  
  23  3:01  SCV, Hellion, Marine  
  27  3:06  Starport  
  27  3:13  SCV  
  27  3:18  Marine  
  29  3:23  Hellion  
  31  3:44  Hellion  
  33  3:49  Orbital Command  
  33  3:51  Medivac  
  35  3:56  Factory, Marine  
  35  4:01  Hellion  
  38  4:03  Barracks  
  38  4:05  Hellion  
  40  4:14  SCV, Marine  
  40  4:16  SCV  
  43  4:23  Hellion  
  44  4:26  SCV  
  44  4:27  Widow Mine  
  47  4:44  Widow Mine  
  41  5:03  Widow Mine  
  41  5:06  Widow Mine  
  43  5:12  Factory Tech Lab  
  43  5:13  Barracks Tech Lab, Marine  
  44  5:21  Barracks  
  44  5:24  Hellion  
  44  5:27  Hellion  
  44  5:28  SCV x2  
  50  5:31  Engineering Bay, Marine  
  50  5:34  Command Center  
  51  5:38  Liberator  
  54  5:46  Supply Depot  
  54  6:08  SCV x2, Marauder, Marine, Siege Tank  
  54  6:09  Supply Depot  
  54  6:10  Supply Depot  
  62  6:12  Supply Depot  
  53  6:24  Bunker  
  50  6:25  Marine  
  50  6:26  Bunker  
  50  6:28  Marine  
  50  6:30  Marauder  
  50  6:31  Liberator  
  55  6:43  Marine  
  55  6:46  Marine  
  55  6:48  Hellion x2  
  55  6:51  Marauder  
  45  7:01  Marine  
  45  7:05  Orbital Command  
  36  7:09  Hellion  
  31  7:48  Widow Mine  
  31  7:49  Widow Mine  
  33  7:55  Widow Mine, Marine  
  33  7:56  Marine  
  29  8:13  Marine  
  29  8:14  Marine  
  22  8:49  Orbital Command  
  22  8:57  Hellion x2  
  23  10:03  Supply Depot  
  17  10:10  Supply Depot  
  17  10:24  SCV  
  17  10:25  Hellion  
  16  10:31  Hellion  
  18  10:36  SCV  
  19  10:46  Hellion  
  19  10:49  SCV  
  22  10:52  Hellion  
  22  11:01  SCV  
  23  11:07  Hellion  
  22  11:13  SCV  
  21  11:25  SCV  
  20  11:37  SCV  
  21  11:43  Barracks  
  21  11:44  Barracks  
  21  11:45  Barracks x2  
  19  11:49  SCV  
  16  12:31  Factory  
  16  12:32  Barracks  
  12  12:44  Barracks Tech Lab x3  
  12  12:51  Barracks Tech Lab  
  12  12:54  Refinery, SCV  
  13  13:06  SCV  
  14  13:14  Marauder x4  
  14  13:18  SCV  
  23  13:20  Supply Depot  
  23  13:26  Supply Depot  
  23  13:29  Marine  
  23  13:30  SCV  
  23  13:33  Concussive Shells  
  25  13:35  Marauder  
  25  13:36  Marauder x2  
  25  13:39  Supply Depot  
  31  13:47  Marine  
  32  13:53  Marauder  
  34  13:59  SCV  
  35  14:06  Marauder  
  35  14:07  Marauder  
  39  14:13  Marauder  
  43  14:24  Marauder  
  43  14:26  Marine  
  27  15:05  Command Center  
Show
View Real Time Build Order
Export as new Build Order

qqq Zerg 

Build Orders: Hatch First 

Get SALT Encoding   

  12  0:01  Drone  
  13  0:31  Hatchery  
  12  0:41  Drone  
  14  0:42  Drone  
  14  1:01  Spawning Pool  
  13  1:04  Overlord  
  13  1:10  Drone  
  14  1:12  Extractor  
  14  1:17  Drone  
  14  1:39  Drone  
  17  1:40  Drone x2  
  17  1:45  Drone  
  18  1:54  Queen  
  18  1:55  Drone  
  18  1:59  Drone  
  22  2:07  Drone  
  23  2:08  Drone  
  23  2:13  Overlord  
  24  2:20  Metabolic Boost  
  24  2:22  Drone  
  25  2:25  Zergling x2  
  25  2:28  Drone  
  27  2:36  Zergling x2  
  28  2:41  Drone  
  29  2:46  Queen  
  29  2:48  Overlord  
  29  2:50  Zergling x2  
  32  2:55  Zergling x2  
  33  3:01  Zergling x2  
  33  3:02  Zergling x4  
  33  3:04  Overlord  
  36  3:08  Zergling x2  
  36  3:11  Zergling x2  
  38  3:20  Zergling x2  
  38  3:21  Zergling x2  
  40  3:30  Zergling x2  
  41  3:35  Zergling x4, Overlord  
  41  3:37  Zergling x2  
  44  3:55  Zergling x4  
  45  3:56  Zergling x4  
  47  4:05  Zergling x8  
  50  4:15  Zergling x4  
  46  4:35  Zergling x4  
  46  4:38  Overlord x3  
  47  4:40  Zergling x10  
  52  4:48  Roach Warren  
  52  4:49  Zergling x2  
  52  5:10  Zergling x4  
  52  5:11  Drone x2  
  55  5:20  Hatchery  
  50  5:27  Hatchery  
  42  5:34  Zergling x4  
  42  5:35  Zergling x10  
  45  5:44  Zergling x2  
  45  5:45  Roach  
  21  6:15  Roach x3  
  9  6:48  Drone x2  
  8  7:19  Hatchery  
  7  7:24  Drone x3  
  7  7:25  Drone x3  
  13  8:22  Drone x5  
  13  8:23  Drone  
  19  8:27  Spawning Pool  
  18  8:59  Drone x2  
  18  9:00  Drone x7  
  27  9:16  Overlord  
  27  9:20  Spawning Pool  
  26  9:30  Roach Warren  
  14  9:40  Drone x2  
  16  9:53  Drone  
  16  9:54  Drone  
  18  10:05  Queen  
  20  10:18  Roach  
  22  10:32  Overlord  
  22  10:59  Roach x3  
  26  11:14  Overlord  
  26  11:15  Overlord  
Tags
 
Add a new tag
Caveats
  • Supply blocks, unpowered buildings, or Contaminate may cause inaccurate times.
  • Supply counts are checked every 10 seconds.